 Dungeon Sprint DCSS version 0.22.1-2-g9c5b331383 (webtiles) character file.

29 Groucho the Chopper (level 3, 0/34 HPs)
             Began as a Naga Fighter on Nov 19, 2018.
             Was a Believer of Cheibriados.
             Succumbed to a worker ant's poison
             ... in the Dungeon (Sprint VII: "The Pits").
             The game lasted 00:01:19 (141 turns).

Groucho the Chopper (Naga Fighter)                   Turns: 141, Time: 00:01:20

Health: 0/34       AC:  4    Str: 22    XL:     3   Next: 16%
Magic:  3/3        EV:  5    Int: 12    God:    Cheibriados [**....]
Gold:   0          SH:  9    Dex: 15    Spells: 2/2 levels left

rFire    . . .     SeeInvis +   l - +2 hand axe
rCold    . . .     Gourm    .   c - +0 shield
rNeg     . . .     Faith    .   b - +0 scale mail
rPois    +         Spirit   .   (no helmet)
rElec    .         Reflect  .   (no cloak)
rCorr    .         Harm     .   (no gloves)
MR       .....     NoTele   +   (no barding)
Stlth    ..........             (no amulet)
HPRegen  0.11/turn              (no ring)
MPRegen  0.08/turn              (no ring)

@: lethally poisoned (0 -> -5), very slightly contaminated, very slow
A: large, see invisible, deformed body, poison resistance, slowness 2, slow
metabolism 1, spit poison 1, AC +1
a: Spit Poison, Bend Time, Renounce Religion


You were in the Dungeon.
You worshipped Cheibriados.
Cheibriados was pleased with you.
You were not hungry.

You visited 1 branch

Inventory:

Hand Weapons
 a - a +0 war axe
 l - a +2 hand axe (weapon)
 m - a +2 mace
Missiles
 r - 13 stones (quivered)
Armour
 b - a +0 scale mail (worn)
 c - a +0 shield (worn)
Scrolls
 k - a scroll of blinking
 o - 3 scrolls of remove curse
 p - 5 scrolls of amnesia
 q - a scroll of summoning
Potions
 d - a potion of might
 h - a potion of haste
 i - 4 potions of magic
 j - 3 potions of berserk rage
 n - a potion of invisibility
Comestibles
 f - 9 rations


   Skills:
 - Level 3.0 Fighting
 + Level 6.3 Axes
 - Level 2.4 Armour
 - Level 2.4 Shields


You had 2 spell levels left.
You didn't know any spells.
Your spell library was empty.

Dungeon Overview and Level Annotations

Branches:
Dungeon (1/1)

Altars:
Ashenzari
Cheibriados
Dithmenos
Elyvilon
Fedhas
Gozag
Hepliaklqana
Kikubaaqudgha
Makhleb
Nemelex Xobeh
Okawaru
Qazlal
Ru
Sif Muna
Trog
Uskayaw
Vehumet
Wu Jian
Xom
Yredelemnul
Zin
The Shining One
Beogh
Jiyva
Lugonu


Innate Abilities, Weirdness & Mutations

You cannot wear boots.
Your serpentine skin is tough. (AC +1)
You have supernaturally acute eyesight. (SInv)
Armour fits poorly on your strangely shaped body.
Your system is resistant to poisons. (rPois)
You cover ground very slowly.
You have a slow metabolism.
You can spit poison.


Message History

Okay, then.
There is a lethal amount of poison in your body!
Unknown command.
* * * LOW HITPOINT WARNING * * *
You feel sick.
* * * LOW HITPOINT WARNING * * *
You feel sick.
* * * LOW HITPOINT WARNING * * *
You feel sick.
* * * LOW HITPOINT WARNING * * *
You feel sick.
* * * LOW HITPOINT WARNING * * *
You feel sick.
You flicker for a moment.
* * * LOW HITPOINT WARNING * * *
You feel sick.
* * * LOW HITPOINT WARNING * * *
You feel sick.
You flicker back into view.
You die...

#_________.#
#_______...###########++
##########'##...........
#.?|.')).'.##......#..#.
##########.##...........
#.......†...'...........
#+#####'#####......#..#.
#a #...'.##...........
#..#...#@#####'#####++
#..#####.##.......#
#..'...#)##.......#
#..'..a'.##.......#
#..########...<...# #.
#.......# # #.......#
#.......# #########


There were no monsters in sight!

Vanquished Creatures
  A worker ant (D)
  A goblin (D)
  A hobgoblin (D)
  A quokka (D)
  A ball python (D)
  2 kobolds (D)
7 creatures vanquished.

Notes
Turn   | Place    | Note
-------+----------+-------------------------------------------
     0 | D        | Groucho the Naga Fighter began the quest for the Orb.
     0 | D        | Reached XP level 1. HP: 21/21 MP: 1/1
    42 | D        | Found a bloodstained altar of Trog.
    42 | D        | Found a deep blue altar of Sif Muna.
    42 | D        | Found a viscous altar of Jiyva.
    42 | D        | Found a hazy altar of Hepliaklqana.
    42 | D        | Found an opulent altar of Gozag.
    43 | D        | Found a glowing golden altar of the Shining One.
    43 | D        | Found a glowing silver altar of Zin.
    43 | D        | Found a basalt altar of Yredelemnul.
    43 | D        | Found a shimmering altar of Xom.
    43 | D        | Found an ornate altar of the Wu Jian Council.
    43 | D        | Found a sacrificial altar of Ru.
    43 | D        | Found a stormy altar of Qazlal.
    43 | D        | Found an iron altar of Okawaru.
    43 | D        | Found a sparkling altar of Nemelex Xobeh.
    43 | D        | Found a burning altar of Makhleb.
    43 | D        | Found a blossoming altar of Fedhas.
    43 | D        | Found a white marble altar of Elyvilon.
    43 | D        | Found a shadowy altar of Dithmenos.
    43 | D        | Found a snail-covered altar of Cheibriados.
    45 | D        | Found a radiant altar of Vehumet.
    45 | D        | Found a corrupted altar of Lugonu.
    45 | D        | Found a roughly hewn altar of Beogh.
    46 | D        | Found a hide-covered altar of Uskayaw.
    46 | D        | Found an ancient bone altar of Kikubaaqudgha.
    46 | D        | Found a shattered altar of Ashenzari.
    54 | D        | Became a worshipper of Cheibriados the Contemplative
    75 | D        | Reached skill level 3 in Axes
    97 | D        | Reached * piety under Cheibriados
   106 | D        | Noticed a worker ant
   117 | D        | Reached skill level 4 in Axes
   127 | D        | Killed a worker ant
   127 | D        | Reached ** piety under Cheibriados
   127 | D        | Reached skill level 6 in Axes
   127 | D        | Reached XP level 2. HP: 6/28 MP: 2/2
   127 | D        | Reached XP level 3. HP: 7/34 MP: 3/3
   137 | D        | HP: 1/34 [poisoned by a worker ant]
   141 | D        | Succumbed to a worker ant's poison

Skill      XL: |  1 |
---------------+----+-----
Axes           | 6 |  6.3
Fighting       | |  3.0
Armour         | |  2.4
Shields        | |  2.4

Action                   || total
-------------------------++-------
Melee: Hand axe          ||    17
       War axe           ||     1
  Use: Potion            ||     3
Armor: Scale mail        ||     6
Dodge: Dodged            ||     4
Block: Shield            ||     9
